AoeStats
← ska_18

Black Forest

508839781Analyzed
3v3 RM · 7d ago on Sep 24, 2026· 58m 36s· 6 players
Game mode
Random Map
Map size
Normal (6 player)
Population
200
Speed
Normal
Resources
Standard
Victory
Conquest
Starting age
Dark Age
Ending age
Imperial Age
RankedLock teamsTeams togetherTeam positionsShared explorationLock speedFull tech treeHidden civsTurbo modeCheats
Victory
Defeat
🇩🇪 Bohemians · Germany
1050
+28
🇹🇷 Chinese · Türkiye
962
+37
🇦🇹 Saracens · Austria
923
+12
🇬🇧 Danes · United Kingdom
871
-11
🇮🇹 Sicilians · Italy
868
-11
🇩🇪 Maya · Germany
868
-11
Iltor777
Fresh Dumbledore
12:12 Feudal Age
16:19 Castle Age
15:05 Double-Bit Axe
17:28 Bow Saw
17:42 Horse Collar
20:05 Heavy Plow
24:34 Wheelbarrow
29:40 Pikeman
30:20 Squires
30:37 Forging
30:27 Scale Mail Armor
33:31 Imperial Age
33:56 Halberdier
35:26 Caravan
36:47 Two-Man Saw
36:24 Iron Casting
36:04 Chain Mail Armor
37:05 Chemistry
38:52 Houfnice
40:40 Hand Cart
40:11 Town Watch
40:12 Loom
47:19 Blast Furnace
46:49 Plate Mail Armor
46:20 Padded Archer Armor
46:10 Fletching
53:58 Leather Archer Armor
53:39 Bodkin Arrow
ska_18
1:06 Loom
14:01 Feudal Age
20:05 Castle Age
18:32 Double-Bit Axe
19:04 Horse Collar
22:27 Fletching
23:12 Bow Saw
25:05 Wheelbarrow
26:33 Gold Mining
26:33 Stone Mining
26:54 Fishing Lines
27:44 Town Watch
27:54 Stone Mining
28:06 Heavy Plow
28:23 Gillnets
29:38 Forging
29:34 Scale Barding Armor
31:24 Hand Cart
30:55 Town Watch
36:13 Imperial Age
35:01 Bodkin Arrow
35:17 Murder Holes
36:38 Iron Casting
36:23 Chain Barding Armor
36:10 Town Patrol
36:14 Caravan
36:55 Coinage
37:00 Fervor
37:16 Sanctity
38:04 Chemistry
37:16 Masonry
37:17 Fortified Wall
38:07 Bloodlines
37:57 Husbandry
37:18 Light Cavalry
38:20 Conscription
38:18 Elite Mameluke
39:33 Hoardings
40:14 Hoardings
39:50 Bimaristan
41:20 Blast Furnace
41:48 Plate Barding Armor
43:11 Ballistics
44:32 Two-Man Saw
43:40 Bracer
45:28 Banking
46:22 Siege Engineers
Murph0uake
0:58 Loom
12:33 Feudal Age
13:45 Horse Collar
16:27 Castle Age
23:34 Wheelbarrow
23:19 Fishing Lines
23:39 Double-Bit Axe
24:20 Gillnets
25:38 Scale Mail Armor
25:49 Forging
26:05 Bow Saw
27:36 Hand Cart
31:57 Imperial Age
30:03 Squires
29:51 Gambesons
30:57 Chain Mail Armor
31:17 Iron Casting
31:08 Town Watch
31:14 Arson
33:05 Conscription
32:10 Hamask
32:13 Elite Jomsviking
33:36 Plate Mail Armor
34:06 Blast Furnace
33:44 Capped Ram
34:01 Elite Varangian Guard
34:56 Padded Archer Armor
35:25 Town Patrol
36:10 Onager
38:17 Chemistry
37:28 Fletching
37:54 Leather Archer Armor
41:35 Siege Engineers
41:45 Siege Onager
43:04 Bodkin Arrow
43:39 Ring Archer Armor
49:54 Caravan
55:35 Pikeman
56:02 Elite Skirmisher
56:19 Halberdier
FahRenheiTTT
4:12 Loom
10:22 Feudal Age
11:41 Wheelbarrow
10:53 Town Watch
15:26 Double-Bit Axe
16:05 Gold Mining
17:06 Horse Collar
17:49 Stone Mining
23:21 Fletching
25:51 Castle Age
26:44 Pikeman
27:35 Squires
27:56 Hand Cart
27:43 Town Patrol
30:32 Bow Saw
31:56 Stone Shaft Mining
34:14 Murder Holes
34:20 Bodkin Arrow
38:11 Hul'che Javelineers
38:57 Padded Archer Armor
41:31 Imperial Age
40:42 Heavy Plow
42:54 Bracer
43:10 Leather Archer Armor
45:43 Holcans
44:39 Eagle Warrior
48:37 Ballistics
49:20 Chemistry
50:47 Forging
jollodianice
2:20 Loom
12:39 Feudal Age
13:39 Double-Bit Axe
13:50 Stone Mining
15:47 Gold Mining
23:54 Wheelbarrow
27:09 Castle Age
27:03 Scale Mail Armor
27:13 Forging
27:21 Arson
27:53 Pikeman
29:03 Chain Mail Armor
29:26 Iron Casting
30:49 First Crusade
33:34 Bow Saw
41:37 Imperial Age
39:30 Hand Cart
43:38 Plate Mail Armor
44:09 Blast Furnace
46:45 Gold Shaft Mining
46:44 Elite Serjeant
51:08 Elite Skirmisher
52:19 Fletching
52:29 Padded Archer Armor
52:12 Onager
53:32 Bodkin Arrow
55:42 Bracer
55:58 Leather Archer Armor
Connection lost

Rejoining the realm…

Still unreachable

The connection could not be restored.

Session expired

The server has moved on; the page needs a fresh start.